 Seeded DCSS version 0.30-a0-920-g7493c07aab (webtiles) character file.

Game seed: 3125986916090331667 (custom seed)

154 Parcival the Shield-Bearer (level 5, 47/47 HPs)
             Began as a Minotaur Fighter on Mar 21, 2023.
             Quit the game on level 4 of the Dungeon.
             The game lasted 00:03:32 (1740 turns).

Parcival the Shield-Bearer (Minotaur Fighter)       Turns: 1740, Time: 00:03:32

Health: 47/47      AC:  7    Str: 28    XL:     5   Next: 13%
Magic:  4/4        EV:  9    Int:  5    God:
Gold:   113        SH:  4    Dex: 10    Spells: 4/4 levels left

rFire   . . .      SeeInvis .    a - +1 war axe (protect)
rCold   . . .      Faith    .    c - +0 buckler
rNeg    + + .      Spirit   .    b - +0 scale mail
rPois   .          Reflect  .    (helmet restricted)
rElec   .          Rampage  .    (no cloak)
rCorr   .          Harm     + .  (no gloves)
Will    .....                    (no boots) Stlth
                                 e - amulet of Xatsus {Harm rN++ Regen+}
HPRegen 1.07/turn                j - +6 ring of strength
MPRegen 0.09/turn                (no ring)

@: no status effects
A: horns 2, retaliatory headbutt
a: no special abilities


You were on level 4 of the Dungeon.
You visited 1 branch of the dungeon, and saw 4 of its levels.

You collected 113 gold pieces.

Inventory:

Hand Weapons
 a - a +1 war axe of protection (weapon)
Armour
 b - a +0 scale mail (worn)
 c - a +0 buckler (worn)
Jewellery
 e - the amulet of Xatsus (around neck) {Harm rN++ Regen+}
   (You acquired it on level 1 of the Dungeon)

   [amulet of regeneration]

   rN:        It greatly protects you from negative energy.
   Regen:     It increases your rate of health regeneration.
   Harm:      It increases damage dealt and taken.
 h - an amulet of magic regeneration
 j - a +6 ring of strength (left hand)
 p - a ring of wizardry
 r - an amulet of guardian spirit
Wands
 f - a wand of flame (13)
Scrolls
 g - a scroll of acquirement
Potions
 d - 2 potions of might
 i - a potion of heal wounds
 k - a potion of resistance
 l - a potion of lignification
 o - a potion of degeneration
 s - a potion of brilliance {unknown}


   Skills:
 + Level 4.3 Fighting
 + Level 4.4 Axes
 + Level 4.5 Armour
 + Level 0.5 Dodging
 + Level 0.2 Stealth
 + Level 4.5 Shields


You had 4 spell levels left.
You didn't know any spells.
Your spell library contained the following spells:

 Spells                   Type           Power      Damage    Failure   Level
 Sandblast                Erth           0%         2d4       82%         1
 Passwall                 Tmut/Erth      0%         N/A       91%         2
 Stone Arrow              Conj/Erth      0%         3d7       99%         3


Dungeon Overview and Level Annotations

Branches:
Dungeon (4/15)
 Temple: D:4-7

Altars:
Okawaru

Shops:
D:3 :


Innate Abilities, Weirdness & Mutations

You have a pair of horns on your head.
You reflexively headbutt those who attack you in melee.


Message History

You feel very sick. You block the scorpion's attack.
The scorpion stings you but does no damage.
You hit the scorpion.
Your weapon exudes an aura of protection.
Your headbutt misses the scorpion.
The scorpion is almost dead.
You feel very sick. The scorpion barely misses you. The scorpion stings you.
You hit the scorpion.
You kill the scorpion!
You feel sick.
Your Axes skill increases to level 4!
You have reached level 4!
You feel agile.
You feel sick.
You feel sick.
You feel sick.
You feel sick.
You feel sick.
You are no longer poisoned.
HP restored.
You see here a scorpion corpse.
An iguana comes into view.
Found a fluorescent wand.
The iguana hisses angrily.
The iguana moves out of view.
An iguana is nearby!
An iguana is nearby!
You see here a wand of flame (13).
You slash the iguana!
Your weapon exudes an aura of protection.
The iguana is almost dead.
The iguana bites you!
You hit the iguana.
You kill the iguana!
You have reached level 5!
f - a wand of flame (13)
g - a scroll of acquirement Are you sure you want to abandon this character and quit the game? (Confirm with "yes".)

........# ........#
........# ........#
#. ........# #.
........## ##
#####+#..†# #
#.......#.##########
#..@....#..........#
#.....†##.#.######..
#......##.#.# #.....
#......##...# #.###.
#......######.. #.
#......# #. #.
#......# # #.
######## .. .#.


There were no monsters in sight!

Vanquished Creatures
  A scorpion (D:4)
  An iguana (D:4)
  A gnoll (D:1)
  An adder (D:2)
  A dart slug (D:2)
  An orc (D:3)
  3 endoplasms (D:1)
  A giant cockroach (D:2)
  7 goblins
  5 hobgoblins
  2 quokkas
  6 ball pythons
  4 bats
  A frilled lizard (D:3)
  6 kobolds
  4 rats
  A bush (D:3)
46 creatures vanquished.

Notes
Turn   | Place    | Note
-------+----------+-------------------------------------------
     0 | D:1      | Parcival the Minotaur Fighter began the quest for the Orb.
     0 | D:1      | Reached XP level 1. HP: 19/19 MP: 0/0
    42 | D:1      | Identified a scroll of acquirement
    42 | D:1      | Acquired the amulet of Xatsus {Harm rN++ Regen+}
    98 | D:1      | Reached XP level 2. HP: 26/27 MP: 1/1
   632 | D:1      | Reached XP level 3. HP: 33/33 MP: 2/2
   861 | D:2      | You fall into a shaft and drop 2 floors!
   869 | D:3      | Found Digoh's Book Boutique.
   915 | D:3      | Found an iron altar of Okawaru.
  1142 | D:3      | Identified the +1 chain mail of Supple Strength {Harm
                  | Str+3}
  1696 | D:4      | Noticed a scorpion
  1701 | D:4      | Killed a scorpion
  1702 | D:4      | Reached XP level 4. HP: 31/40 MP: 3/3
  1722 | D:4      | Reached XP level 5. HP: 35/47 MP: 4/4
  1740 | D:4      | Quit the game

Illustrated notes

Levels and vault maps discovered:
D:1:      amcnicky_arrival_single_pillar, layout_loops_cross,
          hangedman_glass_garden
D:2:      layout_loops_ring, dk_vineyard_1, uniq_natasha
D:3:      layout_basic, mainiacjoe_overflow_catwalk, serial_forest,
          infiniplex_forest_zigzag_1, infiniplex_forest_split,
          infiniplex_forest_end_double, infiniplex_forest_lined_room_,
          infiniplex_forest_corner_1, infiniplex_forest_lined_room_2,
          serial_shops, nicolae_shop_hallway_stairs
D:4:      layout_basic, old_standard_altar

Skill      XL: |  1  2  3 |
---------------+----------+-----
Shields        | 4 |  4.5
Armour         | 4 |  4.5
Axes           | 4 |  4.4
Fighting       | 4 |  4.3
Dodging        | |  0.5
Stealth        | |  0.2

Action                     |  1- 3 |  4- 6 || total
---------------------------+-------+-------++-------
  Melee: War axe           |   107 |     2 ||   109
         Headbutt          |    18 |       ||    18
    Use: Scroll            |    11 |       ||    11
 Armour: Scale mail        |    37 |       ||    37
  Dodge: Dodged            |    41 |       ||    41
  Block: Buckler           |    23 |       ||    23

Table legend: (Time is in decaauts)
 A = Elapsed time spent in this place.
 B = Non-inter-level travel time spent in this place.
 C = Inter-level travel time spent in this place.
 D = Time resting spent in this place.
 E = Time spent auto-exploring this place.
 F = Levels seen in this place.
 G = Mean time per level.
                   A        B        C        D        E       F      G
               +--------+--------+--------+--------+--------+-----+--------+
         Total |   1781 |   1735 |     46 |     45 |   1223 |   4 |  445.2 |
       Dungeon |   1781 |   1735 |     46 |     45 |   1223 |   4 |  445.2 |
               +--------+--------+--------+--------+--------+-----+--------+

Top non-repeatable levels by time:
     D:3: 768 daAuts
     D:1: 675 daAuts
     D:2: 205 daAuts
     D:4: 132 daAuts
